 Dungeon Crawl Stone Soup version 0.31.0-12-g77e489cdc1 (webtiles) character file.

Game seed: 16110207100098570079

84 PaiMei the Grave Robber (level 4, 0/32 HPs)
             Began as a Demonspawn Necromancer on Mar 1, 2024.
             Slain by Sigmund
             ... wielding a +2 vampiric scythe
              (8 damage)
             ... on level 4 of the Dungeon.
             The game lasted 00:03:26 (3337 turns).

PaiMei the Grave Robber (Demonspawn Necromancer)    Turns: 3337, Time: 00:03:26

Health: 0/32       AC:  3    Str:  8    XL:     4   Next: 24%
Magic:  8/8        EV: 12    Int: 24    God:
Gold:   116        SH:  0    Dex: 15    Spells: 7/8 levels left

rFire   + . .        f - +0 falchion
rCold   . . .        (no shield)
rNeg    . . .        a - +0 robe
rPois   .            (helmet restricted)
rElec   .            (no cloak)
rCorr   .            v - +0 pair of gloves
SInv    .            (no boots)
Will    .....        (no amulet)
Stlth   +++          q - ring of protection from fire
HPRegen 0.25/turn    r - +6 ring of intelligence
MPRegen 0.11/turn

%: no passive effects
@: no status effects
A: antennae 2, thin skeletal structure 1
a: no special abilities


You were on level 4 of the Dungeon.
You visited 1 branch of the dungeon, and saw 4 of its levels.

You collected 116 gold pieces.

Inventory:

Hand Weapons
 e - a +0 club
 f - a +0 falchion (weapon)
Missiles
 g - 6 javelins (quivered)
 l - a throwing net
Armour
 a - a +0 robe (worn)
 v - a +0 pair of gloves (worn)
Jewellery
 q - a ring of protection from fire (left hand)
 r - a +6 ring of intelligence (right hand)
Scrolls
 c - a scroll of fog {unknown}
 d - 2 scrolls of revelation {unknown}
 h - a scroll of poison {unknown}
 m - a scroll of noise {unknown}
 n - 2 scrolls of immolation {unknown}
 o - 2 scrolls of amnesia {unknown}
 p - a scroll of teleportation {unknown}
 s - a scroll of enchant armour {unknown}
 t - 3 scrolls of identify {unknown}
Potions
 b - a potion of magic
 i - a potion of brilliance {unknown}
 j - 2 potions of degeneration {unknown}
 k - a potion of cancellation {unknown}
 u - a potion of heal wounds {unknown}


   Skills:
 + Level 1.3 Fighting
 + Level 2.6 Dodging
 - Level 2.0 Stealth
 + Level 2.6 Spellcasting
 + Level 4.9 Necromancy


You had 7 spell levels left.
You knew the following spells:

 Your Spells              Type           Power      Damage    Failure   Level
a - Necrotise             Necr           100%       1d9       1%          1

Your spell library contained the following spells:

 Spells                   Type           Power      Damage    Failure   Level
 Vampiric Draining        Necr           26%        2d7       4%          3
 Animate Dead             Necr           26%        N/A       14%         4
 Curse of Agony           Necr           26%        N/A       38%         5


Dungeon Overview and Level Annotations

Branches:
Dungeon (4/15)
 Temple: D:4-7

Altars:
Ashenzari
Trog

Annotations:
D:4 Sigmund


Innate Abilities, Weirdness & Mutations

You have a pair of antennae on your head.
You have a somewhat thin skeletal structure. (Dex +2, Stealth+)


Message History

You hit Sigmund.
Sigmund is heavily wounded.
Sigmund gestures wildly while chanting.
Sigmund flickers and vanishes!
Deactivating autopickup; reactivate with Ctrl-A.
Casting: Necrotise (safe; 1% risk of failure)
Confirm with . or Enter, or press ? or * to list all spells.
You can't see any susceptible monsters within range! (Use Z to cast anyway.)
You barely miss something. Something hits you.
Casting: Necrotise (safe; 1% risk of failure)
Confirm with . or Enter, or press ? or * to list all spells.
You can't see any susceptible monsters within range! (Use Z to cast anyway.)
Casting: Necrotise (safe; 1% risk of failure)
Confirm with . or Enter, or press ? or * to list all spells.
You can't see any susceptible monsters within range! (Use Z to cast anyway.)
You barely miss something.
You hear some strange, mumbled words.
A puff of flame appears from out of thin air!
The puff of flame misses you.
You closely miss something. Something hits you but does no damage.
Casting: Necrotise (safe; 1% risk of failure)
Confirm with . or Enter, or press ? or * to list all spells.
You can't see any susceptible monsters within range! (Use Z to cast anyway.)
Casting: Necrotise (safe; 1% risk of failure)
Confirm with . or Enter, or press ? or * to list all spells.
You can't see any susceptible monsters within range! (Use Z to cast anyway.)
Casting: Necrotise (safe; 1% risk of failure)
Confirm with . or Enter, or press ? or * to list all spells.
You can't see any susceptible monsters within range! (Use Z to cast anyway.)
You miss something. Something hits you!
Casting: Necrotise (safe; 1% risk of failure)
Confirm with . or Enter, or press ? or * to list all spells.
You can't see any susceptible monsters within range! (Use Z to cast anyway.)
You miss something. Something hits you!
* * * LOW HITPOINT WARNING * * *
Casting: Necrotise (safe; 1% risk of failure)
Confirm with . or Enter, or press ? or * to list all spells.
You can't see any susceptible monsters within range! (Use Z to cast anyway.)
You miss something. Something hits you!
You die...

######### #.......# #.#####.#
### ##### ######.#####<#
##.## ##...####.........##.#
#.#.####.....#<#@####.##.##.#
.###.##........{....#.##.##.#
## ##.........(..##.#.......#
.###.##..........# ####>####
#.#.####.........# #...#
##.## ##...##.### #.###
##.###########.# #.#
#.........# ##.####.##)#
#..######.###.......##.#


There were no monsters in sight!

Vanquished Creatures
  2 dart slugs
  4 ribbon worms
  An orc (D:3)
  6 ball pythons
  An endoplasm (D:1)
  A giant cockroach (D:2)
  4 goblins
  2 hobgoblins
  5 quokkas
  3 bats
  A frilled lizard (D:3)
  5 kobolds
  2 rats
37 creatures vanquished.

Vanquished Creatures (collateral kills)
  A sleepcap (D:3)
  An endoplasm (D:3)
  A kobold (D:1)
  A ball python (D:1)
4 creatures vanquished.

Grand Total: 41 creatures vanquished

Notes
Turn   | Place    | Note
-------+----------+-------------------------------------------
     0 | D:1      | PaiMei the Demonspawn Necromancer began the quest for the
                  | Orb.
     0 | D:1      | Reached XP level 1. HP: 13/13 MP: 3/3
   392 | D:1      | Gained mutation: You have a pair of small antennae on your
                  | head. [demonic ancestry]
   392 | D:1      | Reached XP level 2. HP: 19/19 MP: 1/5
  1659 | D:2      | Found a faded altar of an unknown god.
  1678 | D:2      | Gained mutation: You have a somewhat thin skeletal
                  | structure. (Dex +2, Stealth+) [demonic ancestry]
  1678 | D:2      | Reached XP level 3. HP: 25/25 MP: 4/6
  2137 | D:3      | Reached skill level 1 in Fighting
  2345 | D:3      | Gained mutation: You have a pair of antennae on your head.
                  | [demonic ancestry]
  2345 | D:3      | Reached XP level 4. HP: 32/32 MP: 0/7
  3098 | D:4      | Noticed Sigmund
  3186 | D:4      | Found a broken altar of Ashenzari.
  3210 | D:4      | Found a bloodstained altar of Trog.
  3337 | D:4      | Slain by Sigmund

Illustrated notes

Levels and vault maps discovered:
D:1:      dpeg_arrival_oval, layout_basic, minmay_tall_x
D:2:      layout_basic, hellmonk_ecumenical_altar_arch_garden,
          hangedman_decor_growths, chequers_decorated_corner, kennysheep_boxes
D:3:      layout_rooms, minmay_quadrilaterals
D:4:      layout_loops_corners, lemuel_mausoleum_altar_yredelemnul, bloody_trog,
          ashenzari_conservatory_becter, uniq_sigmund

Skill      XL: |  1  2  3 |
---------------+----------+-----
Stealth        | 2 |  2.0
Dodging        | 2 |  2.6
Fighting       | 1 |  1.3
Spellcasting   | |  2.6
Necromancy     | |  4.9

Action                     |  1- 3 |  4- 6 || total
---------------------------+-------+-------++-------
  Melee: Unarmed           |     4 |       ||     4
         Falchion          |    15 |    14 ||    29
   Cast: Necrotise         |    65 |    22 ||    87
   Stab: Distracted        |     2 |       ||     2
 Armour: Robe              |    15 |    10 ||    25
  Dodge: Dodged            |    25 |    11 ||    36
